 Dungeon Crawl Stone Soup version 0.26.0-7-g794d0892b4 (webtiles) character file.

Game seed: 6707793877435856090

34 Delamore the Skirmisher (level 3, -7/24 HPs)
             Began as a Gargoyle Fighter on Jan 11, 2021.
             Killed by divine providence
             ... invoked by an orc priest
              (10 damage)
             ... on level 2 of the Dungeon.
             The game lasted 00:00:48 (1285 turns).

Delamore the Skirmisher (Gargoyle Fighter)          Turns: 1285, Time: 00:00:49

Health: -7/24      AC:  0    Str: 20    XL:     3   Next: 31%
Magic:  3/3        EV: 13    Int:  8    God:
Gold:   21         SH:  0    Dex:  9    Spells: 2/2 levels left

rFire    . . .     SeeInvis .   (weapon currently unavailable)
rCold    . . .     Faith    .   (shield currently unavailable)
rNeg     + . .     Spirit   .   (armour currently unavailable)
rPois    ∞         Reflect  .   (helmet currently unavailable)
rElec    .         Harm     .   (cloak currently unavailable)
rCorr    .         Rampage  .   (gloves currently unavailable)
Will     .....                  (boots currently unavailable)
Stlth    +.........             (no amulet)
HPRegen  0.08/turn              (ring currently unavailable)
MPRegen  0.08/turn              (ring currently unavailable)

@: pig-form (expiring), very quick
A: small, negative energy resistance 1, petrification resistance, miasma
immunity, AC +3
a: no special abilities


You were on level 2 of the Dungeon.
You were a filthy swine.
You visited 1 branch of the dungeon, and saw 2 of its levels.

You collected 21 gold pieces.

Inventory:

Hand Weapons
 a - a +0 flail (melded)
Armour
 b - a +0 scale mail (melded)
 c - a +0 kite shield (melded)
Scrolls
 f - a scroll of teleportation {unknown}
 h - 3 scrolls of blinking {unknown}
 i - a scroll of identify {unknown}
 k - a scroll of remove curse {unknown}
Potions
 d - a potion of might
 e - 2 potions of curing {unknown}
 g - a potion of heal wounds {unknown}
 j - a potion of magic {unknown}


   Skills:
 + Level 3.8 Fighting
 + Level 2.6 Maces & Flails
 - Level 3.2 Armour
 + Level 3.8 Shields


You had 2 spell levels left.
You didn't know any spells.
Your spell library was empty.

Dungeon Overview and Level Annotations

Branches:
Dungeon (2/15)

Altars:

Annotations:
D:2 Robin


Innate Abilities, Weirdness & Mutations

You are resistant to torment.
((Your stone body is resilient. (AC +3)))
You are immune to poison.
You resist negative energy. (rN+)
((You are resistant to electric shocks. (rElec)))
((You can survive without breathing.))
You are immune to petrification.
You are immune to miasma.


Message History

You are too injured to fight recklessly!
You are too injured to fight recklessly!
You are too injured to fight recklessly!
There are monsters nearby!
Robin zaps a wand.
The hobgoblin hits you.
Robin's horned helmet rattles.
Robin throws the goblin at you!
* * * LOW HITPOINT WARNING * * *
The goblin hits you but does no damage.
An orc warrior comes into view. It is wielding a +0 short sword.
Your transformation is almost over.
The orc warrior shouts!
An orc priest comes into view. It is wielding a +0 whip.
An orc priest comes into view. It is wielding a +1 vampiric falchion.
The orc priest shouts!
The orc priest hits you with a +0 whip.
* * * LOW HITPOINT WARNING * * *
The orc priest calls down the wrath of Beogh upon you.
Beogh smites you!
You die...

############
#########..........# #
#..................# ..
#......h...g.......##.#
#....)o.oo..g......(...
#...<........gg....###
#........#####..#.####
#........# ##g.....###
#...###### ##..#....#
#... ##.g##... ###.
#gr.# ## ## #....#


You could see an orc warrior, 2 orc priests, 2 hobgoblins and 2 goblins.

Vanquished Creatures
  A gnoll (D:1)
  2 dart slugs (D:1)
  A leopard gecko (D:1)
  2 giant cockroaches (D:1)
  3 goblins (D:1)
  4 hobgoblins
  2 bats
  2 kobolds
  2 rats (D:1)
19 creatures vanquished.

Notes
Turn   | Place    | Note
-------+----------+-------------------------------------------
     0 | D:1      | Delamore the Gargoyle Fighter began the quest for the Orb.
     0 | D:1      | Reached XP level 1. HP: 14/14 MP: 1/1
   223 | D:1      | Reached XP level 2. HP: 19/19 MP: 2/2
   916 | D:1      | Reached XP level 3. HP: 21/24 MP: 3/3
  1266 | D:2      | Noticed Robin
  1279 | D:2      | Noticed an orc warrior
  1285 | D:2      | Killed from afar by an orc priest

Illustrated notes

Levels and vault maps discovered:
D:1:      dpeg_arrival_refuge, layout_basic, chequers_serial_rivers_small_3,
          fountainhead
D:2:      layout_rooms, uniq_robin, uniq_terence

Action                   || total
-------------------------++-------
Melee: Flail             ||    68
       Unarmed           ||     4
Armor: Scale mail        ||    34
Dodge: Dodged            ||    22
Block: Kite shield       ||    33
